 Dungeon Sprint DCSS version 0.27-a0-1273-gec92ba881d (webtiles) character file.

Game seed: 10562996544649673640

5103 mhtbhm the Basher (level 10, -6/132 HPs)
             Began as a Demonspawn Berserker on June 11, 2021.
             Was the Champion of Trog.
             Mangled by Agnes
             ... wielding a +0 lajatang
              (33 damage)
             ... in the Dungeon (Sprint IV: "Fedhas' Mad Dash") on June 12, 2021.
             The game lasted 00:05:17 (3620 turns).

mhtbhm the Basher (Demonspawn Berserker)            Turns: 3620, Time: 00:05:18

Health: -6/132     AC: 15    Str: 30    XL:     10   Next: 32%
Magic:  10/10      EV: 12    Int:  8    God:    Trog [******]
Gold:   166        SH:  0    Dex: 13    Spells: 9/9 levels left

rFire    . . .     SeeInvis .   a - +11 war axe "Spiderslayer" {vorpal, Str+4}
rCold    . . .     Faith    .   (no shield)
rNeg     . . .     Spirit   .   b - +1 chain mail "Tegoiff" {Str+5}
rPois    .         Reflect  .   (no helmet)
rElec    .         Harm     .   i - +0 cloak
rCorr    .         Rampage  .   (no gloves)
Will     .....     NoTele   +   (no boots)
Stlth    ..........             j - amulet of invisibility {+Inv}
HPRegen  0.32/turn              (no ring)
MPRegen  0.12/turn              (no ring)

@: berserking (expiring), very quick
A: slimy green scales 2, foul stench 2
a: Renounce Religion, Evoke Invisibility, Berserk, Trog's Hand, Brothers in Arms


You were in the Dungeon.
You worshipped Trog.
Trog was exalted by your worship.
You visited 1 branch You collected 250 gold pieces.
You spent 84 gold pieces at shops.

Inventory:

Hand Weapons
 a - the +11 war axe "Spiderslayer" (weapon) {vorpal, Str+4}
   (Trog gifted it to you in the Dungeon)

   It inflicts extra damage upon your enemies.
   It affects your strength (+4).
Missiles
 n - 8 boomerangs
Armour
 b - the +1 chain mail "Tegoiff" (worn) {Str+5}
   (You found it in the Dungeon)

   It affects your strength (+5).
 i - a +0 cloak (worn)
Jewellery
 j - the amulet of invisibility (around neck) {+Inv}
   (You found it in the Dungeon)

   [amulet of nothing]

   It lets you turn invisible.
Wands
 k - a wand of paralysis (8)
Scrolls
 h - a scroll of blinking
 l - 2 scrolls of identify
Potions
 c - a potion of curing
 d - a potion of heal wounds
 e - a potion of haste
 f - 2 potions of magic
 g - a potion of berserk rage
 m - a potion of lignification {unknown}
Miscellaneous
 o - a box of beasts


   Skills:
 + Level 11.3 Fighting
 + Level 4.5(9.7) Axes
 + Level 12.9(13.2) Maces & Flails
 + Level 5.6 Armour
 + Level 7.7 Dodging
 + Level 9.9 Stealth
 + Level 8.7 Evocations


You had 9 spell levels left.
You didn't know any spells.
Your spell library was empty.

Dungeon Overview and Level Annotations

Branches:
Dungeon (1/1)

Altars:
Cheibriados
Dithmenos
Elyvilon
Gozag
Hepliaklqana
Kikubaaqudgha
Makhleb
Nemelex Xobeh
Okawaru
Qazlal
Ru
Sif Muna
Trog
Uskayaw
Vehumet
Wu Jian
Xom
Yredelemnul
Zin
The Shining One
Beogh
Jiyva
Lugonu

Shops:
D ?(*:([=

Annotations:
D Agnes


Innate Abilities, Weirdness & Mutations

You are mostly covered in slimy green scales. (AC +3)
You sometimes emit foul miasma when damaged in melee.


Message History

The spriggan berserker rages.
Agnes is engulfed in dark miasma.
Agnes is poisoned.
Agnes seems to slow down.
Agnes closely misses you.
Unknown command.
You slice Agnes!!
Agnes is heavily wounded.
The spriggan berserker hits you with a +0 hand axe!!
Unknown command.
You miss Agnes.
Agnes is heavily wounded.
You barely miss the spriggan berserker.
Agnes is engulfed in dark miasma.
Agnes looks even sicker.
Agnes seems to slow down.
Agnes hits you with a +0 lajatang!
The spriggan berserker hits you with a +0 hand axe!!
* * * LOW HITPOINT WARNING * * *
You emit a cloud of foul miasma!
You completely miss Agnes.
Agnes is heavily wounded.
You slash the spriggan berserker!
Agnes is engulfed in dark miasma.
Agnes looks even sicker.
Agnes seems to slow down.
Agnes closely misses you.
The spriggan berserker is engulfed in dark miasma.
The spriggan berserker is poisoned.
The spriggan berserker hits you with a +0 hand axe!
* * * LOW HITPOINT WARNING * * *
You slash Agnes!
Agnes is almost dead.
You slash the spriggan berserker!
Agnes is engulfed in dark miasma.
Agnes looks as sick as possible!
Agnes completely misses you.
The spriggan berserker is engulfed in dark miasma.
The spriggan berserker looks even sicker.
The spriggan berserker hits you with a +0 hand axe.
* * * LOW HITPOINT WARNING * * *
Unknown command.
Unknown command.
You miss Agnes.
Agnes is almost dead.
You slash the spriggan berserker!
Agnes is engulfed in dark miasma.
Agnes looks as sick as possible!
Agnes seems to slow down.
Agnes hits you with a +0 lajatang!!
You die...

'.._._._._._..'.[#...#....'(:##'#
#..._._._._...#..###'##...##∩#..#
#.._._._._._..#..##∩∩.'...#####..
#._._._._._.⌠.#################..
###################....[.###.)...
#♣♣♣♣♣..♣[###.'..'.....).'.')).♣.
......♣..♣##:.#..#.......########
♣..♣♣♣.♣).###.##'##......#
.♣♣.)♣..)♣'...#♣@♣######## #
#############ii...# ..♣..♣....#
...♣.... .♣.. ..... ♣.... ∩. ####
###### ##


You could see Agnes (extremely poisoned, slow) and a spriggan berserker
(berserk, regenerating, strong-willed, very poisoned).

Vanquished Creatures
  A spriggan druid (D)
  6 oklob plants (D)
  3 burning bushes (D)
  A demonic crawler (D)
  A queen bee (D)
  A hornet (D)
  3 wandering mushrooms (D)
  3 scorpions (D)
  4 killer bees (D)
  5 oklob saplings (D)
  5 spriggans (D)
  A river rat (D)
  A rat (D)
35 creatures vanquished.

Vanquished Creatures (others)
  A ballistomycete spore (D)
  2 fungi (D)
3 creatures vanquished.

Grand Total: 38 creatures vanquished

Notes
Turn   | Place    | Note
-------+----------+-------------------------------------------
     0 | D        | mhtbhm the Demonspawn Berserker began the quest for the
                  | Orb.
     0 | D        | Reached XP level 1. HP: 18/18 MP: 1/1
     9 | D        | Reached skill level 3 in Maces & Flails
     9 | D        | Gained mutation: You may rarely emit foul miasma when
                  | damaged in melee. [demonic ancestry]
     9 | D        | Reached XP level 2. HP: 25/25 MP: 2/2
   161 | D        | Noticed an oklob sapling
   164 | D        | Killed an oklob sapling
   164 | D        | Reached ** piety under Trog
   165 | D        | Reached skill level 4 in Maces & Flails
   165 | D        | Reached XP level 3. HP: 32/32 MP: 3/3
   317 | D        | Noticed a scorpion
   318 | D        | Found the amulet of invisibility {+Inv}
   319 | D        | Killed a scorpion
   320 | D        | Reached skill level 5 in Fighting
   320 | D        | Reached skill level 5 in Maces & Flails
   320 | D        | Gained mutation: You sometimes emit foul miasma when
                  | damaged in melee. [demonic ancestry]
   320 | D        | Reached XP level 4. HP: 40/40 MP: 4/4
   366 | D        | Found an opulent altar of Gozag.
   366 | D        | Found a hazy altar of Hepliaklqana.
   366 | D        | Found a burning altar of Makhleb.
   366 | D        | Found a sparkling altar of Nemelex Xobeh.
   366 | D        | Found a snail-covered altar of Cheibriados.
   366 | D        | Found a sacrificial altar of Ru.
   366 | D        | Found a shimmering blue altar of Sif Muna.
   366 | D        | Found a shimmering altar of Xom.
   366 | D        | Found a basalt altar of Yredelemnul.
   367 | D        | Found a viscous altar of Jiyva.
   367 | D        | Found a bloodstained altar of Trog.
   367 | D        | Found an ornate altar of the Wu Jian Council.
   368 | D        | Found an iron altar of Okawaru.
   368 | D        | Found a shadowy altar of Dithmenos.
   369 | D        | Found an ancient bone altar of Kikubaaqudgha.
   369 | D        | Found a hide-covered altar of Uskayaw.
   370 | D        | Found a stormy altar of Qazlal.
   371 | D        | Found a corrupted altar of Lugonu.
   371 | D        | Found a radiant altar of Vehumet.
   378 | D        | Reached skill level 6 in Maces & Flails
   378 | D        | Reached skill level 1 in Stealth
   378 | D        | Reached XP level 5. HP: 47/47 MP: 3/5
   438 | D        | Reached *** piety under Trog
   439 | D        | Reached skill level 7 in Maces & Flails
   497 | D        | Reached skill level 1 in Evocations
   825 | D        | Gained mutation: You are partially covered in slimy green
                  | scales. (AC +2) [demonic ancestry]
   825 | D        | Reached XP level 6. HP: 56/56 MP: 6/6
   961 | D        | Found Xyasu's Weapon Shop.
   961 | D        | Found Zocan's Magic Scroll Emporium.
   968 | D        | Bought a scroll of identify for 28 gold pieces
   968 | D        | Bought a scroll of identify for 28 gold pieces
   968 | D        | Bought a scroll of identify for 28 gold pieces
   976 | D        | Noticed a burning bush
   976 | D        | Noticed a wandering mushroom
   977 | D        | Noticed a wandering mushroom
  1259 | D        | Reached **** piety under Trog
  1260 | D        | Reached skill level 8 in Maces & Flails
  1262 | D        | Killed a wandering mushroom
  1468 | D        | Killed a burning bush
  1469 | D        | Reached skill level 9 in Maces & Flails
  1469 | D        | Reached skill level 5 in Dodging
  1469 | D        | Reached XP level 7. HP: 33/64 MP: 7/7
  2023 | D        | Found Yskutzoa's Weapon Emporium.
  2023 | D        | Found Louf's Book Shoppe.
  2026 | D        | Identified Jyaghom's Further Steps in Spellweaving
  2211 | D        | Noticed a queen bee
  2228 | D        | Killed a queen bee
  2229 | D        | Reached skill level 10 in Maces & Flails
  2231 | D        | Reached ***** piety under Trog
  2233 | D        | Reached skill level 5 in Stealth
  2233 | D        | Reached skill level 5 in Evocations
  2233 | D        | Reached XP level 8. HP: 71/71 MP: 6/8
  2235 | D        | Received a gift from Trog
  2574 | D        | Noticed an oklob plant
  2581 | D        | Killed an oklob plant
  2734 | D        | Noticed a burning bush
  2743 | D        | Killed a burning bush
  2744 | D        | Reached skill level 10 in Fighting
  2744 | D        | Reached skill level 11 in Maces & Flails
  2748 | D        | Identified the +1 chain mail "Tegoiff" {Str+5}
  2785 | D        | Noticed a burning bush
  2785 | D        | Noticed an oklob plant
  2786 | D        | Noticed a wandering mushroom
  2792 | D        | Killed a burning bush
  2887 | D        | Killed an oklob plant
  2888 | D        | Gained mutation: You are mostly covered in slimy green
                  | scales. (AC +3) [demonic ancestry]
  2888 | D        | Reached XP level 9. HP: 79/79 MP: 7/9
  2894 | D        | Killed a wandering mushroom
  2895 | D        | Reached skill level 12 in Maces & Flails
  2897 | D        | Identified the ring "Joklux" {Str+6 Int+7 Slay-6}
  2938 | D        | Identified the +2 rapier of Doubt {holy, Str+3}
  2946 | D        | Noticed a spriggan druid
  2952 | D        | Killed a spriggan druid
  2952 | D        | Identified the +11 war axe "Spiderslayer" {vorpal, Str+4}
                  | (Trog gifted it to you in the Dungeon)
  2952 | D        | Received a gift from Trog
  3003 | D        | Noticed an oklob plant conjurer
  3005 | D        | Killed an oklob plant conjurer
  3059 | D        | Noticed an oklob plant
  3059 | D        | Noticed an oklob plant summoner
  3060 | D        | Noticed an oklob plant shifter
  3070 | D        | Killed an oklob plant
  3071 | D        | Reached skill level 1 in Axes
  3071 | D        | Reached skill level 5 in Armour
  3075 | D        | Killed an oklob plant summoner
  3076 | D        | Reached XP level 10. HP: 87/87 MP: 8/10
  3299 | D        | Killed an oklob plant shifter
  3362 | D        | Noticed a spriggan rider
  3363 | D        | Found Kicwotsoiwk's Antique Armour Emporium.
  3368 | D        | Reached ****** piety under Trog
  3374 | D        | Found Cuxtinah's Jewellery Shoppe.
  3609 | D        | Noticed Agnes
  3612 | D        | Found Hoarotwi's General Store.
  3612 | D        | Noticed a spriggan berserker
  3620 | D        | Mangled by Agnes

Illustrated notes

Levels and vault maps discovered:
D:        dungeon_sprint_fedhas [sprint_temple]

Skill      XL: |  1  2  3  4  5  6  7  8  9 10 |
---------------+-------------------------------+-----
Maces & Flails | 3 4 5 6 7 9 10 11 12 | 12.9
Armour         | 2 3 4 5 |  5.6
Dodging        | 2 3 4 5 7 |  7.7
Fighting       | 4 5 6 7 9 10 11 | 11.3
Stealth        | 1 3 5 7 9 |  9.9
Evocations     | 1 3 5 6 8 |  8.7
Axes           | 2 4 |  4.5

Action                   |  1- 3 |  4- 6 |  7- 9 | 10-12 || total
-------------------------+-------+-------+-------+-------++-------
Melee: Mace              |     8 |    41 |    24 |       ||    73
       Flail             |       |       |    33 |       ||    33
       War axe           |       |       |    11 |    22 ||    33
Invok: Berserk           |     3 |     6 |    10 |     3 ||    22
 Abil: Evoke Invisibilit |       |     3 |     4 |     2 ||     9
  Use: Scroll            |       |     1 |       |       ||     1
 Stab: Sleeping          |       |     1 |       |       ||     1
       Invisible         |       |       |     8 |     1 ||     9
Armor: Animal skin       |       |       |     2 |       ||     2
       Chain mail        |       |       |     4 |     7 ||    11
Dodge: Dodged            |     2 |     9 |    31 |    16 ||    58

Table legend: (Time is in decaauts)
 A = Elapsed time spent in this place.
 B = Non-inter-level travel time spent in this place.
 C = Inter-level travel time spent in this place.
 D = Time resting spent in this place.
 E = Time spent auto-exploring this place.
 F = Levels seen in this place.
 G = Mean time per level.
                   A        B        C        D        E       F      G
               +--------+--------+--------+--------+--------+-----+--------+
         Total |   3810 |   3810 |      0 |   3232 |     31 |   1 | 3810.0 |
       Dungeon |   3810 |   3810 |      0 |   3232 |     31 |   1 | 3810.0 |
               +--------+--------+--------+--------+--------+-----+--------+

Top non-repeatable levels by time:
       D: 3810 daAuts
